 Dungeon Crawl Stone Soup version 0.26-a0-257-g47e9e61525 (webtiles) character file.

Game seed: 13604536556866812188

1133 Infinimo the Chiller (level 8, -18/52 HPs)
             Began as a Mummy Ice Elementalist on July 10, 2020.
             Demolished by a two-headed ogre
             ... wielding a +0 dire flail
              (21 damage)
             ... on level 5 of the Dungeon.
             The game lasted 00:11:48 (7399 turns).

Infinimo the Chiller (Mummy Ice Elementalist)       Turns: 7399, Time: 00:11:48

Health: -18/52     AC:  4    Str: 11    XL:     8   Next: 14%
Magic:  17/17      EV: 12    Int: 16    God:
Gold:   187        SH:  0    Dex: 19    Spells: 5/20 levels left

rFire    x . .     SeeInvis .   k - +2 rapier (protect)
rCold    + . .     Faith    .   (no shield)
rNeg     + + +     Spirit   .   a - +0 robe
rPois    ∞         Reflect  .   (no helmet)
rElec    .         Harm     .   h - +0 cloak
rCorr    .                      (no gloves)
MR       +....                  i - +0 pair of boots
Stlth    ++........             (no amulet)
HPRegen  0.17/turn              c - +6 ring of dexterity
MPRegen  0.15/turn              (no ring)

@: about to teleport
A: no food or potions, fire vulnerability, cold resistance 1, negative energy
resistance 3, torment resistance, unbreathing
a: no special abilities


You were on level 5 of the Dungeon.
You were not hungry.

You visited 1 branch of the dungeon, and saw 6 of its levels.

You collected 187 gold pieces.

Inventory:

Hand Weapons
 k - a +2 rapier of protection (weapon)
Armour
 a - a +0 robe (worn)
 h - a +0 cloak (worn)
 i - a +0 pair of boots (worn)
Jewellery
 c - a +6 ring of dexterity (left hand)
 f - an uncursed ring of protection from fire {unknown}
Scrolls
 b - a scroll of random uselessness
 d - 2 scrolls of enchant weapon
 e - a scroll of remove curse
 g - 3 scrolls of identify
 l - a scroll of noise {unknown}


   Skills:
 - Level 1.5 Dodging
 - Level 1.5 Stealth
 + Level 6.6 Spellcasting
 * Level 3.0 Conjurations
 * Level 6.9 Ice Magic


You had 5 spell levels left.
You knew the following spells:

 Your Spells              Type           Power        Failure   Level
a - Freeze                Ice            ####         1%          1
b - Frozen Ramparts       Ice            ####..       2%          3
c - Ozocubu's Armour      Chrm/Ice       ###.....     10%         3
d - Hailstorm             Conj/Ice       ###.....     17%         4
e - Summon Ice Beast      Ice/Summ       ###.....     30%         4

Your spell library contained the following spells:

 Spells                   Type           Power        Failure   Level


Dungeon Overview and Level Annotations

Branches:
Dungeon (6/15)             Temple (0/1) D:5

Altars:
Elyvilon
Gozag
Nemelex Xobeh
Qazlal
Uskayaw


Innate Abilities, Weirdness & Mutations

You do not eat or drink.
Your flesh is vulnerable to fire.
You are immune to poison.
Your flesh is cold resistant. (rC+)
You are immune to negative energy. (rN+++)
You are immune to unholy pain and torment.
You can survive without breathing.


Message History

HP restored.
Done exploring.
Done exploring.
Done exploring.
You climb downwards.
An orc comes into view. It is wielding a +0 dagger.
A worker ant comes into view.
The two-headed ogre hits you with a +0 giant spiked club!
An orc comes into view. It is wielding a +0 hand axe.
The worker ant moves out of view.
There is a stone staircase leading up here.
The two-headed ogre hits you with a +0 dire flail!
The two-headed ogre hits you with a +0 giant spiked club!!
* * * LOW HITPOINT WARNING * * *
You climb upwards.
There is a stone staircase leading down here.
As you read the scroll of teleportation, it crumbles to dust.
You feel strangely unstable.
The two-headed ogre hits you with a +0 dire flail!!
You die...

....#.# ....####.##.#.#.#.##
....#.# ...8##...##.#.#.#..†
....#.# #_## ######.#.#.####
....#.######
###########.#.#.####
#####......#
#.#...##...........
#####......#
#.#...##...........
....'......#
#.#...##.......!...
#####......##
#.....##........... #.......#
##@...'............ #P......#
#O...#............ #.......#
#....#...####..### #.P>....#
##..##..##≈≈####≈≈ #.PP....#
#..>...[.≈≈≈≈≈≈≈≈≈ #.......#
#......!##≈≈####≈≈
#....<..####.......#####≈≈##≈
#...............#####≈≈≈≈≈≈#†
#####...............#
#≈≈≈≈.≈#≈


You could see a two-headed ogre.

Vanquished Creatures
  Prince Ribbit (D:5)
  A sky beast (D:5)
  2 ogres
  A bullfrog (D:6)
  A scorpion (D:3)
  A gnoll shaman (D:5)
  Crazy Yiuf (D:2)
  An orc priest (D:5)
  An orc wizard (D:4)
  2 worker ants
  3 gnolls (D:5)
  8 adders
  2 shadow imps (D:5)
  An adder zombie (D:5)
  3 adder skeletons
  3 worms
  5 dart slugs
  A leopard gecko (D:2)
  10 orcs
  6 giant cockroaches
  7 goblins
  16 hobgoblins
  12 kobolds
  2 quokkas
  A ball python (D:3)
  7 bats
  6 frilled lizards
  A quokka zombie (D:5)
  6 rats
112 creatures vanquished.

Vanquished Creatures (collateral kills)
  An ice beast (D:4)
  A phantom (D:5)
2 creatures vanquished.

Grand Total: 114 creatures vanquished

Notes
Turn   | Place    | Note
-------+----------+-------------------------------------------
     0 | D:1      | Infinimo the Mummy Ice Elementalist began the quest for the
                  | Orb.
     0 | D:1      | Reached XP level 1. HP: 13/13 MP: 4/4
   233 | D:1      | Reached XP level 2. HP: 9/19 MP: 0/6
   488 | D:1      | You fall into a shaft and drop 1 floor!
   812 | D:1      | Reached XP level 3. HP: 20/24 MP: 4/7
  1315 | D:1      | Learned a level 3 spell: Frozen Ramparts
  1451 | D:2      | Found a runed translucent door.
  1452 | D:2      | Noticed Crazy Yiuf
  1959 | D:2      | Reached XP level 4. HP: 13/30 MP: 2/9
  2294 | D:2      | Found a sparkling altar of Nemelex Xobeh.
  2673 | D:2      | Killed Crazy Yiuf
  3202 | D:3      | Reached XP level 5. HP: 35/35 MP: 8/11
  3398 | D:3      | Learned a level 3 spell: Ozocubu's Armour
  3454 | D:3      | Reached skill level 5 in Ice Magic
  4235 | D:4      | Noticed an ogre
  4253 | D:4      | Killed an ogre
  4253 | D:4      | Reached skill level 5 in Spellcasting
  4253 | D:4      | Reached XP level 6. HP: 41/41 MP: 7/13
  4511 | D:5      | Entered Level 5 of the Dungeon
  4847 | D:5      | Found an opulent altar of Gozag.
  4847 | D:5      | Found a hide-covered altar of Uskayaw.
  4888 | D:5      | Noticed Prince Ribbit
  4969 | D:5      | Noticed a sky beast
  4976 | D:5      | Killed a sky beast
  5275 | D:4      | Learned a level 4 spell: Hailstorm
  5280 | D:5      | Reached XP level 7. HP: 30/46 MP: 10/15
  5599 | D:5      | Killed Prince Ribbit
  5599 | D:5      | Reached skill level 1 in Conjurations
  5778 | D:4      | Learned a level 4 spell: Summon Ice Beast
  6681 | D:5      | Found a staircase to the Ecumenical Temple.
  7102 | D:5      | Found a stormy altar of Qazlal.
  7165 | D:5      | Found a white marble altar of Elyvilon.
  7242 | D:6      | Reached XP level 8. HP: 28/52 MP: 10/17
  7250 | D:6      | Noticed a two-headed ogre
  7393 | D:6      | HP: 2/52 [two-headed ogre/+0 dire flail (23)]
  7399 | D:5      | Demolished by a two-headed ogre

Illustrated notes

Levels and vault maps discovered:
D:1:      dpeg_arrival_chambers_temple_mockup, layout_basic, minmay_pentomino_p2
D:2:      layout_basic, lemuel_crystal_altar, uniq_crazy_yiuf_cottage
D:3:      layout_basic, first_ration
D:4:      layout_basic
D:5:      layout_basic, nicolae_overflow_hidden_temple,
          minmay_temple_entry_overgrown, gup_sewer_entry_bubbles,
          uniq_prince_ribbit1
D:6:      layout_cave_pools, kennysheep_little_box, nicolae_sextant

Skill      XL: |  1  2  3  4  5  6  7  8 |
---------------+-------------------------+-----
Spellcasting   | 3 4 5 6 |  6.6
Ice Magic      | 4 5 6 |  6.9
Conjurations   | 2 3 |  3.0
Dodging        | |  1.5
Stealth        | |  1.5

Action                   |  1- 3 |  4- 6 |  7- 9 || total
-------------------------+-------+-------+-------++-------
Melee: Short sword       |    23 |     2 |       ||    25
       Unarmed           |     2 |       |       ||     2
       Dagger            |       |    39 |       ||    39
       Rapier            |       |    17 |    49 ||    66
 Cast: Freeze            |    62 |    47 |    39 ||   148
       Frozen Ramparts   |     2 |    10 |     5 ||    17
       Summon Ice Beast  |       |       |     4 ||     4
       Ozocubu's Armour  |       |       |     1 ||     1
  Use: Scroll            |     4 |     3 |     1 ||     8
 Stab: Sleeping          |     2 |     4 |     1 ||     7
       Distracted        |       |       |     1 ||     1
Armor: Robe              |     8 |    25 |    22 ||    55
Dodge: Dodged            |    40 |    58 |    53 ||   151

Table legend:
 A = Non-vault XP
 B = Vault XP
 C = Vault XP percentage of total XP
 D = Non-vault monster count
 E = Vault monster count
 F = Vault count percentage of total count
                 A         B        C        D         E       F
            +---------+---------+-------+---------+---------+-------
      Total |    1223 |     396 |  24.5 |     105 |       9 |   7.9
            +---------+---------+-------+---------+---------+-------
        D:1 |      47 |       4 |   7.8 |      25 |       1 |   3.8
        D:2 |      77 |      41 |  34.7 |      31 |       1 |   3.1
        D:3 |     131 |       0 |   0.0 |      18 |       0 |   0.0
        D:4 |     291 |       0 |   0.0 |      10 |       0 |   0.0
        D:5 |     457 |     351 |  43.4 |      18 |       7 |  28.0
        D:6 |     220 |       0 |   0.0 |       3 |       0 |   0.0
            +---------+---------+-------+---------+---------+-------
